 Dungeon Crawl Stone Soup version 0.28.0-53-g5a82cb258f (webtiles) character file.

Game seed: 4130859587765076397

9 gobodom the Magician (level 2, 0/19 HPs)
             Began as a Demonspawn Hedge Wizard on June 19, 2022.
             Slain by a jackal (1 damage)
             ... on level 1 of the Dungeon.
             The game lasted 00:02:23 (484 turns).

gobodom the Magician (Demonspawn Hedge Wizard)       Turns: 484, Time: 00:02:24

Health: 0/19       AC:  2    Str: 10    XL:     2   Next: 3%
Magic:  1/6        EV: 12    Int: 21    God:
Gold:   13         SH:  5    Dex: 12    Spells: 6/7 levels left

rFire   . . .      SeeInvis .   a - +0 dagger
rCold   . . .      Faith    .   (no shield)
rNeg    . . .      Spirit   .   b - +0 robe
rPois   +          Reflect  +   c - +0 hat
rElec   .          Harm     .   (no cloak)
rCorr   .          Rampage  .   (no gloves)
Will    .....                   (no boots)
Stlth   ++........              e - amulet of reflection
HPRegen 0.06/turn               f - +6 ring of intelligence
MPRegen 0.10/turn               i - ring of poison resistance

@: mighty
A: demonic touch 1
a: no special abilities


You were on level 1 of the Dungeon.
You visited 1 branch of the dungeon, and saw 1 of its levels.

You collected 13 gold pieces.

Inventory:

Hand Weapons
 a - a +0 dagger (weapon)
Armour
 b - a +0 robe (worn)
 c - a +0 hat (worn)
Jewellery
 e - an amulet of reflection (around neck)
 f - a +6 ring of intelligence (left hand)
 i - a ring of poison resistance (right hand)
Scrolls
 k - a scroll of enchant weapon {unknown}
Potions
 d - a potion of might
 h - 2 potions of degeneration {unknown}
 j - a potion of ambrosia {unknown}


   Skills:
 + Level 0.3 Short Blades
 + Level 1.8 Dodging
 + Level 2.0 Stealth
 + Level 0.1 Shields
 + Level 3.2 Spellcasting
 + Level 1.0 Conjurations
 + Level 1.0 Summonings
 + Level 0.8 Translocations


You had 6 spell levels left.
You knew the following spells:

 Your Spells              Type           Power      Damage    Failure   Level
a - Magic Dart            Conj           28%        1d4       9%          1

Your spell library contained the following spells:

 Spells                   Type           Power      Damage    Failure   Level
 Slow                     Hex            12%        N/A       13%         1
 Call Imp                 Summ           7%         N/A       13%         2
 Blink                    Tloc           12%        N/A       14%         2
 Conjure Flame            Conj/Fire      5%         6-21      32%         3
 Mephitic Cloud           Conj/Pois/Air  4%         N/A       34%         3


Dungeon Overview and Level Annotations

Branches:
Dungeon (1/15)

Altars:


Innate Abilities, Weirdness & Mutations

Your touch may inflict minor irresistible damage on your foes.


Message History

Aiming: Magic Dart (safe; 9% risk of failure)
Press: ? - help, Shift-Dir - straight line, f - jackal
Aim: a jackal (100% to hit)
You miscast Magic Dart.
You are very lightly contaminated with residual magic.
Nothing appears to happen.
The jackal misses you. The jackal barely misses you.
You block the jackal's attack.
Casting: Magic Dart (safe; 9% risk of failure)
Confirm with . or Enter, or press ? or * to list all spells.
You don't have enough magic to cast this spell.
As you read the scroll labelled XICKYR RAISKO, it crumbles to dust.
It is a scroll of identify.
d - 2 potions of might The jackal misses you.
You block the jackal's attack.
You feel very mighty all of a sudden.
The jackal barely misses you. x2; The jackal closely misses you.
The jackal barks!
You hit the jackal.
The jackal is almost dead.
The jackal closely misses you.
The jackal bites you but does no damage. x2
You puncture the jackal!
You kill the jackal!
A rat comes into view.
You have reached level 2!
Your demonic ancestry asserts itself...
Your hands begin to faintly glow with unholy energy.
You closely miss the jackal. Your touch misses the jackal.
The jackal bites you.
* * * LOW HITPOINT WARNING * * *
The jackal closely misses you.
You closely miss the jackal. The jackal bites you.
* * * LOW HITPOINT WARNING * * *
The jackal closely misses you. The jackal barely misses you.
You block the jackal's attack.
Your magical contamination has completely faded away.
You puncture the jackal!
You kill the jackal!
The jackal bites you.
You die...

.....##.......#
#####.##.......#
#..#.......#
#.>#.......#
####............
....h...########
......#r#
..h...#h#######
h.....#@†......
..... #########
..... ####


You could see a jackal and a rat.

Vanquished Creatures
  A bat (D:1)
  An endoplasm (D:1)
  A giant cockroach (D:1)
  3 jackals (D:1)
  2 ball pythons (D:1)
  A frilled lizard (D:1)
9 creatures vanquished.

Notes
Turn   | Place    | Note
-------+----------+-------------------------------------------
     0 | D:1      | gobodom the Demonspawn Hedge Wizard began the quest for the
                  | Orb.
     0 | D:1      | Reached XP level 1. HP: 13/13 MP: 4/4
   482 | D:1      | Gained mutation: Your touch may inflict minor irresistible
                  | damage on your foes. [demonic ancestry]
   482 | D:1      | Reached XP level 2. HP: 7/19 MP: 0/6
   484 | D:1      | Slain by a jackal

Illustrated notes

Levels and vault maps discovered:
D:1:      nzn_arrival_crosshair, layout_basic

Skill      XL: |  1 |
---------------+----+-----
Stealth        | 2 |  2.0
Short Blades   | |  0.3
Dodging        | |  1.8
Shields        | |  0.1
Spellcasting   | |  3.2
Conjurations   | |  1.0
Summonings     | |  1.0
Translocations | |  0.8

Action                   || total
-------------------------++-------
Melee: Dagger            ||    31
 Cast: Magic Dart        ||     8
  Use: Scroll            ||     1
       Potion            ||     1
Armor: Robe              ||    12
Dodge: Dodged            ||    31
Block: Other             ||    13
